AoeStats
← Kshulo

Hill Fort

505338970Analyzed
4v4 RM · 24d ago on Sep 8, 2026· 49m 0s· 8 players
Game mode
Random Map
Map size
Large (8 player)
Population
200
Speed
Normal
Resources
Standard
Victory
Conquest
Starting age
Dark Age
Ending age
Imperial Age
RankedLock teamsTeams togetherTeam positionsShared explorationLock speedFull tech treeHidden civsTurbo modeCheats
Victory
Defeat
🇺🇸 Malians · United States
1419
+12
🇨🇱 Cumans · Chile
1309
+16
🇺🇾 Khmer · Uruguay
1279
+18
🇨🇱 Tatars · Chile
1263
+18
🇬🇧 Mongols · United Kingdom
1334
-17
🇺🇸 Teutons · United States
1322
-16
🇮🇳 Aztecs · India
1316
-16
🇨🇳 Celts · China
1293
-15
Papamaci
10:01 Feudal Age
16:09 Castle Age
14:05 Double-Bit Axe
14:02 Horse Collar
15:29 Gold Mining
17:08 Bow Saw
18:08 Heavy Plow
18:28 Loom
20:08 Wheelbarrow
23:51 Fletching
24:47 Bodkin Arrow
33:05 Imperial Age
31:19 Padded Archer Armor
33:51 Bracer
41:30 Hand Cart
EverydayisSunday!
9:58 Feudal Age
14:34 Castle Age
13:04 Double-Bit Axe
13:25 Horse Collar
15:51 Loom
16:24 Bow Saw
20:12 Scale Mail Armor
20:19 Scale Barding Armor
25:10 Bloodlines
25:49 Gold Mining
26:50 Wheelbarrow
28:02 Forging
28:51 Stone Mining
29:20 Heavy Plow
31:08 Hand Cart
32:15 Stone Shaft Mining
32:11 Chain Barding Armor
34:43 Imperial Age
32:50 Iron Casting
32:06 Fletching
32:10 Pikeman
32:56 Scale Mail Armor
36:01 Plate Barding Armor
35:49 Chain Mail Armor
36:00 Halberdier
38:07 Plate Mail Armor
38:43 Fletching
38:35 Cavalier
40:33 Blast Furnace
42:02 Chemistry
41:27 Conscription
41:13 Bodkin Arrow
44:54 Ironclad
野象
10:16 Feudal Age
10:36 Loom
14:34 Castle Age
12:45 Horse Collar
14:46 Double-Bit Axe
16:43 Bow Saw
20:06 Heavy Plow
24:44 Gold Mining
25:13 Stone Mining
28:21 Imperial Age
26:58 Wheelbarrow
26:11 Town Watch
29:49 Gold Shaft Mining
29:48 Furor Celtica
30:10 Pikeman
31:48 Heavy Scorpion
38:07 Siege Engineers
38:25 Ballistics
39:12 Chemistry
40:35 Halberdier
41:54 Conscription
41:55 Scale Mail Armor
42:06 Forging
46:10 Capped Ram
AztecKiller2427
9:29 Feudal Age
9:58 Double-Bit Axe
11:45 Loom
12:38 Scale Mail Armor
13:48 Arson
19:43 Castle Age
18:29 Forging
18:20 Horse Collar
20:00 Eagle Warrior
20:41 Squires
25:06 Chain Mail Armor
27:20 Pikeman
28:36 Bow Saw
28:27 Heavy Plow
31:31 Wheelbarrow
34:26 Hand Cart
35:45 Fletching
35:55 Padded Archer Armor
39:25 Imperial Age
36:44 Crossbowman
38:01 Bodkin Arrow
38:22 Leather Archer Armor
39:42 Elite Eagle Warrior
41:25 Bracer
42:01 Iron Casting
Blaze
5:17 Loom
11:09 Feudal Age
12:47 Double-Bit Axe
15:53 Castle Age
14:11 Horse Collar
16:32 Scale Mail Armor
17:58 Gold Mining
18:13 Heavy Plow
22:14 Squires
25:05 Forging
26:27 Chain Mail Armor
28:15 Town Watch
30:21 Wheelbarrow
35:33 Imperial Age
33:54 Scale Barding Armor
34:33 Bow Saw
35:15 Chain Barding Armor
35:18 Bloodlines
35:10 Husbandry
36:44 Iron Casting
36:50 Conscription
36:18 Cavalier
37:09 Light Cavalry
37:52 Farimba
38:36 Gold Shaft Mining
39:40 Hand Cart
41:46 Plate Barding Armor
45:03 Caravan
Kshulo
11:09 Feudal Age
9:32 Loom
14:40 Double-Bit Axe
15:57 Scale Barding Armor
20:04 Castle Age
18:35 Horse Collar
18:48 Gold Mining
19:19 Fletching
20:46 Bodkin Arrow
22:56 Gold Shaft Mining
22:10 Town Watch
23:32 Padded Archer Armor
25:05 Husbandry
25:16 Bloodlines
26:57 Ballistics
37:08 Imperial Age
36:54 Wheelbarrow
37:52 Bracer
38:08 Leather Archer Armor
40:19 Ring Archer Armor
40:21 Heavy Plow
40:33 Heavy Cavalry Archer
42:24 Chemistry
42:08 Bloodlines
41:41 Heavy Cavalry Archer
41:54 Heavy Cavalry Archer
45:52 Town Patrol
46:08 Hand Cart
48:19 Conscription
48:11 Timurid Siegecraft
PMA
10:23 Feudal Age
10:44 Feudal Age
13:44 Castle Age
12:01 Double-Bit Axe
13:24 Horse Collar
14:43 Heavy Plow
18:23 Loom
20:24 Bow Saw
21:03 Wheelbarrow
23:20 Hand Cart
24:12 Town Watch
24:20 Town Watch
28:53 Imperial Age
28:03 Husbandry
28:13 Bloodlines
29:07 Forging
31:15 Iron Casting
30:40 Scale Mail Armor
30:47 Scale Barding Armor
31:06 Elite Battle Elephant
34:32 Blast Furnace
33:52 Chain Barding Armor
37:04 Plate Barding Armor
37:11 Caravan
37:51 Fletching
39:18 Crop Rotation
38:58 Bodkin Arrow
38:28 Elite Ballista Elephant
39:12 Tusk Swords
39:33 Conscription
42:25 Bracer
43:33 Chemistry
46:05 Padded Archer Armor
46:05 Scale Mail Armor
PESCADO
10:27 Feudal Age
11:01 Horse Collar
12:47 Double-Bit Axe
15:59 Loom
20:56 Wheelbarrow
20:23 Fletching
24:14 Castle Age
23:41 Bloodlines
24:07 Scale Barding Armor
25:30 Chain Barding Armor
25:21 Forging
26:07 Hand Cart
28:52 Iron Casting
28:51 Gold Mining
29:53 Bow Saw
31:58 Elite Skirmisher
32:45 Thumb Ring
36:12 Ballistics
36:26 Bodkin Arrow
36:31 Padded Archer Armor
37:42 Town Watch
40:27 Imperial Age
40:14 Caravan
40:32 Elite Steppe Lancer
42:12 Leather Archer Armor
42:59 Blast Furnace
42:34 Plate Barding Armor
42:30 Conscription
43:22 Two-Man Saw
44:27 Chemistry
49:09 Town Patrol
Connection lost

Rejoining the realm…

Still unreachable

The connection could not be restored.

Session expired

The server has moved on; the page needs a fresh start.